 Dungeon Crawl Stone Soup version 0.28-a0-305-g9e858e973b (webtiles) character file.

Game seed: 3857686034626828676

109 dolemite99 the Skirmisher (level 4, -5/52 HPs)
             Began as an Ogre Cinder Acolyte on Aug 30, 2021.
             Was a High Priest of Ignis.
             Slain by Natasha (7 damage)
             ... on level 2 of the Dungeon.
             The game lasted 00:02:34 (2886 turns).

dolemite99 the Skirmisher (Ogre Cinder Acolyte)     Turns: 2886, Time: 00:02:35

Health: -5/52      AC:  3    Str: 20    XL:     4   Next: 89%
Magic:  1/5        EV:  9    Int: 14    God:    Ignis [*****.]
Gold:   111        SH:  0    Dex:  4    Spells: 4/5 levels left

rFire   + . .      SeeInvis .   a - -1 hand axe (flame)
rCold   . . .      Faith    .   (no shield)
rNeg    . . .      Spirit   .   b - +0 robe
rPois   .          Reflect  .   (helmet restricted)
rElec   .          Harm     .   (no cloak)
rCorr   .          Rampage  .   (gloves unavailable)
Will    .....                   (boots unavailable)
Stlth   +.........              (no amulet)
HPRegen 0.17/turn               (no ring)
MPRegen 0.09/turn               (no ring)

@: very slightly contaminated
A: large, unfitting armour, tough skin 1
a: Renounce Religion, Sea of Fire, Foxfire Swarm, Rising Flame


You were on level 2 of the Dungeon.
You worshipped Ignis.
Ignis was extremely pleased with you.
You visited 1 branch of the dungeon, and saw 2 of its levels.

You collected 111 gold pieces.

Inventory:

Hand Weapons
 a - a -1 hand axe of flaming (weapon)
Missiles
 c - 69 stones
Armour
 b - a +0 robe (worn)
Magical Staves
 j - a staff of cold
 l - a staff of earth
Jewellery
 d - a +4 ring of evasion
 g - a +6 ring of intelligence
Scrolls
 h - a scroll of identify {unknown}
 i - a scroll of teleportation {unknown}
 k - a scroll of noise {unknown}


   Skills:
 + Level 5.8 Fighting
 + Level 4.3 Axes
 - Level 1.2 Spellcasting
 - Level 0.8 Fire Magic


You had 4 spell levels left.
You knew the following spells:

 Your Spells              Type           Power      Damage    Failure   Level
a - Foxfire               Conj/Fire      8%         2x1d4     22%         1

Your spell library contained the following spells:

 Spells                   Type           Power      Damage    Failure   Level
 Animate Skeleton         Necr           0%         N/A       26%         1
 Pain                     Necr           0%         1d4       26%         1
 Vampiric Draining        Necr           0%         2d6       61%         3


Dungeon Overview and Level Annotations

Branches:
Dungeon (2/15)

Altars:

Annotations:
D:2 Natasha


Innate Abilities, Weirdness & Mutations

You are too large for most types of armour.
You have tough skin. (AC +1)


Message History

The white imp gestures at you. The puff of frost hits you!
* * * LOW HITPOINT WARNING * * *
Casting: Foxfire (safe; 22% risk of failure)
Confirm with . or Enter, or press ? or * to list all spells.
You miscast Foxfire.
Nothing appears to happen.
Natasha closely misses you.
Casting: Foxfire (safe; 22% risk of failure)
Confirm with . or Enter, or press ? or * to list all spells.
You conjure some foxfire!
The crimson imp disappears in a puff of smoke!
Natasha completely misses you.
The foxfire hits the white imp but does no damage.
The white imp is heavily wounded.
The foxfire hits the white imp but does no damage.
The white imp is heavily wounded.
Natasha claws you!
* * * LOW HITPOINT WARNING * * *
You feel better.
The white imp hits you but does no damage.
Natasha barely misses you.
Casting: Foxfire (safe; 22% risk of failure)
Confirm with . or Enter, or press ? or * to list all spells.
You conjure some foxfire!
The white imp gestures at you. The puff of frost misses you. Natasha claws you.
* * * LOW HITPOINT WARNING * * *
The foxfire hits the white imp but does no damage.
The white imp is heavily wounded.
The foxfire hits the white imp but does no damage.
The white imp is heavily wounded.
The white imp gestures at you. The puff of frost hits you.
* * * LOW HITPOINT WARNING * * *
Natasha barely misses you.
You hit Natasha. You burn Natasha.
Natasha is heavily wounded.
You hit the white imp. You burn the white imp.
You kill the white imp!
Natasha claws you!
You die...

#.#.#....##...#.......
.#.##..##..[##.......
..###.....###.......
##.#.##...##.#.......
#[+8.##.##.8'.......
#.#...#'#...#.......
#.##...'...##.......
##.h##.....##..###.##
#...@##.8.##..## #.##
#.##.ยง##.##..## #.##
#.#....#+#..## #..#
#...##..+..## ##..
#..####...## ######>#
#.#......## #......#
#........# ###.######
#.......####...# #
#.......###..### #


You could see Natasha.

Vanquished Creatures
  Jessica (D:2)
  Natasha (D:2)
  An adder (D:2)
  2 dart slugs (D:1)
  2 bats
  4 endoplasms
  4 giant cockroaches (D:1)
  2 hobgoblins (D:1)
  6 jackals
  A quokka (D:1)
  4 ball pythons (D:1)
  3 frilled lizards (D:1)
  4 goblins (D:1)
  6 kobolds
  3 rats
44 creatures vanquished.

Vanquished Creatures (collateral kills)
  A foxfire (D:2)
1 creature vanquished.

Vanquished Creatures (others)
  83 foxfires
83 creatures vanquished.

Grand Total: 128 creatures vanquished

Notes
Turn   | Place    | Note
-------+----------+-------------------------------------------
     0 | D:1      | dolemite99 the Ogre Cinder Acolyte began the quest for the
                  | Orb.
     0 | D:1      | Reached XP level 1. HP: 24/24 MP: 2/2
   293 | D:1      | Reached XP level 2. HP: 28/33 MP: 0/3
   738 | D:1      | Reached XP level 3. HP: 27/40 MP: 0/4
   930 | D:1      | Reached skill level 5 in Fighting
  1660 | D:2      | Noticed Jessica
  1674 | D:2      | Killed Jessica
  1675 | D:2      | Reached XP level 4. HP: 25/50 MP: 1/5
  2408 | D:2      | Noticed Natasha
  2418 | D:2      | Killed Natasha
  2856 | D:2      | Noticed Natasha
  2885 | D:2      | HP: 2/52 [white imp/puff of frost[Natasha] (4)]
  2886 | D:2      | Slain by Natasha

Illustrated notes

Levels and vault maps discovered:
D:1:      lightli_arrival_maybe_door_vault, layout_basic, minmay_tiny_reverse_x
D:2:      layout_rooms, grunt_decor_arrowhead, uniq_jessica, uniq_natasha,
          uniq_crazy_yiuf_cottage

Skill      XL: |  1  2  3 |
---------------+----------+-----
Fighting       | 5 |  5.8
Axes           | 4 |  4.3
Spellcasting   | |  1.2
Fire Magic     | |  0.8

Action                   |  1- 3 |  4- 6 || total
-------------------------+-------+-------++-------
Melee: Hand axe          |    60 |    10 ||    70
 Cast: Foxfire           |    40 |    17 ||    57
  Use: Potion            |       |     3 ||     3
Armor: Robe              |    39 |    11 ||    50
Dodge: Dodged            |    51 |    23 ||    74

Table legend: (Time is in decaauts)
 A = Elapsed time spent in this place.
 B = Non-inter-level travel time spent in this place.
 C = Inter-level travel time spent in this place.
 D = Time resting spent in this place.
 E = Time spent auto-exploring this place.
 F = Levels seen in this place.
 G = Mean time per level.
                   A        B        C        D        E       F      G
               +--------+--------+--------+--------+--------+-----+--------+
         Total |   2904 |   2886 |     18 |   1312 |   1122 |   2 | 1452.0 |
       Dungeon |   2904 |   2886 |     18 |   1312 |   1122 |   2 | 1452.0 |
               +--------+--------+--------+--------+--------+-----+--------+

Top non-repeatable levels by time:
     D:1: 1537 daAuts
     D:2: 1367 daAuts
